 Dungeon Crawl Stone Soup version 0.31.0-32-g396128a36d (webtiles) character file.

Game seed: 10165262385465546861

65 PaiMei the Grave Robber (level 3, -1/25 HPs)
             Began as a Demonspawn Necromancer on Apr 11, 2024.
             Slain by a gnoll
             ... wielding a +0 flail
              (9 damage)
             ... on level 2 of the Dungeon.
             The game lasted 00:02:49 (2558 turns).

PaiMei the Grave Robber (Demonspawn Necromancer)    Turns: 2558, Time: 00:02:49

Health: -1/25      AC:  2    Str:  8    XL:     3   Next: 94%
Magic:  4/6        EV: 12    Int: 17    God:
Gold:   108        SH:  0    Dex: 13    Spells: 3/7 levels left

rFire   . . .        h - +2 dagger (flame)
rCold   . . .        (no shield)
rNeg    . . .        a - +0 robe
rPois   .            (no helmet)
rElec   .            (no cloak)
rCorr   .            (no gloves)
SInv    +            (no boots)
Will    .....        (no amulet)
Stlth   ++           g - ring of see invisible
HPRegen 0.24/turn    (no ring)
MPRegen 0.10/turn

%: no passive effects
@: no status effects
A: demonic touch 1
a: no special abilities


You were on level 2 of the Dungeon.
You visited 1 branch of the dungeon, and saw 3 of its levels.

You collected 108 gold pieces.

Inventory:

Hand Weapons
 h - a +2 dagger of flaming (weapon)
Armour
 a - a +0 robe (worn)
Jewellery
 g - a ring of see invisible (left hand)
Scrolls
 d - 3 scrolls of identify {unknown}
 j - a scroll of poison {unknown}
 l - a scroll of teleportation {unknown}
Potions
 b - a potion of magic
 c - 2 potions of mutation {unknown}
 e - 2 potions of heal wounds {unknown}
 f - a potion of attraction {unknown}
 i - a potion of curing {unknown}
 k - a potion of ambrosia {unknown}


   Skills:
 + Level 0.8 Fighting
 + Level 2.4 Dodging
 - Level 2.3 Stealth
 + Level 2.6 Spellcasting
 + Level 4.9 Necromancy


You had 3 spell levels left.
You knew the following spells:

 Your Spells              Type           Power      Damage    Failure   Level
a - Necrotise             Necr           72%        1d7       2%          1
b - Vampiric Draining     Necr           18%        2d7       8%          3

Your spell library contained the following spells:

 Spells                   Type           Power      Damage    Failure   Level
 Apportation              Tloc           4%         N/A       19%         1
 Slow                     Hex            8%         N/A       19%         1
 Sting                    Conj/Alch      8%         1d3       19%         1
 Summon Small Mammal      Summ           8%         N/A       19%         1
 Jinxbite                 Hex            4%         N/A       28%         2
 Confusing Touch          Hex            2%         N/A       50%         3
 Sigil of Binding         Hex            2%         N/A       50%         3
 Animate Dead             Necr           18%        N/A       24%         4
 Curse of Agony           Necr           18%        N/A       56%         5
 Alistair's Intoxication  Alch           1%         N/A       99%         5


Dungeon Overview and Level Annotations

Branches:
Dungeon (3/15)

Altars:

Annotations:
D:2 Sigmund


Innate Abilities, Weirdness & Mutations

Your touch may inflict minor irresistible damage on your foes.


Message History

The gnoll barely resists.
The gnoll closely misses you.
Casting: Necrotise (safe; 2% risk of failure)
Confirm with . or Enter, or press ? or * to list all spells.
Aiming: Necrotise (safe; 2% risk of failure)
Press: ? - help, Shift-Dir - straight line, f/p - gnoll
Aim: a gnoll, wielding a +0 halberd (heavily wounded, chance to affect: 83%)
The gnoll writhes in agony.
The gnoll hits you from afar with a +0 halberd!
The gnoll misses you.
You climb upwards.
Level annotation: Sigmund
There is a stone staircase leading down here.
You start resting.
Magic restored.
You start resting.
HP restored.
You start waiting.
Done waiting.
You start waiting.
Done waiting.
You climb downwards.
The gnoll misses you. The gnoll closely misses you. x2
There is a stone staircase leading up here.
The gnoll hits you with a +0 flail.
The gnoll hits you from afar with a +0 halberd!
You climb upwards.
Level annotation: Sigmund
There is a stone staircase leading down here.
Casting: Necrotise (safe; 2% risk of failure)
Confirm with . or Enter, or press ? or * to list all spells.
Aiming: Necrotise (safe; 2% risk of failure)
Press: ? - help, Shift-Dir - straight line, f - gnoll
Aim: a gnoll, wielding a +0 flail (chance to affect: 83%)
The gnoll barely resists.
The gnoll hits you with a +0 flail.
Casting: Necrotise (safe; 2% risk of failure)
Confirm with . or Enter, or press ? or * to list all spells.
Aiming: Necrotise (safe; 2% risk of failure)
Press: ? - help, Shift-Dir - straight line, f/p - gnoll
Aim: a gnoll, wielding a +0 flail (chance to affect: 83%)
The gnoll writhes in agony.
The gnoll hits you with a +0 flail!
You die...

#.####.###....)......#
#......##########....#####
..#........# #....†...######
....######.# #....####...#...
...## #.# ##.:#..# ###.#... ..
#.####..##..######..... .
#...##.# ##......##.... ...r ##
###....# #.## #....... ....w.#
###.@####.# #.###... ....#.
#g...##.# ##....... ...<.
#.##.#..###........
...##..######.##.#.###.........
#..# #........##.......#.......
###..#
######............#....###
.....# ##.#...............# #
..†..#######....###..##..#<.(.#
# ...............##
#.####.#....###


You could see a gnoll.

Vanquished Creatures
  2 gnolls (D:3)
  An adder (D:2)
  3 bats
  3 endoplasms
  4 giant cockroaches (D:2)
  2 goblins
  3 hobgoblins (D:1)
  5 kobolds
  8 ball pythons
  A frilled lizard (D:2)
  4 rats
36 creatures vanquished.

Notes
Turn   | Place    | Note
-------+----------+-------------------------------------------
     0 | D:1      | PaiMei the Demonspawn Necromancer began the quest for the
                  | Orb.
     0 | D:1      | Reached XP level 1. HP: 13/13 MP: 3/3
   269 | D:1      | Gained mutation: Your touch may inflict minor irresistible
                  | damage on your foes. [demonic ancestry]
   269 | D:1      | Reached XP level 2. HP: 19/19 MP: 1/5
   487 | D:1      | Found a faded altar of an unknown god.
  1347 | D:2      | Reached XP level 3. HP: 24/24 MP: 4/6
  1351 | D:2      | Learned a level 3 spell: Vampiric Draining
  1638 | D:2      | Noticed Sigmund
  2558 | D:2      | Slain by a gnoll

Illustrated notes

Levels and vault maps discovered:
D:1:      eino_arrival_cavern_d, layout_basic, chequers_ecumenical_altar_grove
D:2:      layout_rooms, uniq_sigmund
D:3:      layout_basic

Skill      XL: |  1 |
---------------+----+-----
Stealth        | 2 |  2.3
Dodging        | 2 |  2.4
Fighting       | |  0.8
Spellcasting   | |  2.6
Necromancy     | |  4.9

Action                     || total
---------------------------++-------
  Melee: Unarmed           ||    11
   Cast: Necrotise         ||    73
 Armour: Robe              ||    18
  Dodge: Dodged            ||    26
